Get step-by-step instructions on how to execute this build order below. Start the game timer, and the build order will tick by so you can play in parallel with StarCraft on a second screen or mobile device.

Game Time

  0:00

Last Step

  N/A

Next Step

  12  0:01  Probe (Chrono Boost)  

Upcoming Step

  13  0:12  Probe (Chrono Boost)  

Don't want to look back and forth between 2 screens? Try out our Overwolf App, the Spawning Tool Build Advisor to get an in-game overlay with this build!

Complete Build Order

  12  0:01  Probe (Chrono Boost)  
  13  0:12  Probe (Chrono Boost)  
  14  0:18  Pylon  
  14  0:24  Probe (Chrono Boost)  
  15  0:36  Probe (Chrono Boost)  
  15  0:40  Gateway  
  16  0:47  Pylon  
  16  0:50  Probe (Chrono Boost)  
  16  0:56  Assimilator  
  17  1:01  Probe (Chrono Boost)  
  18  1:05  Assimilator  
  18  1:11  Probe (Chrono Boost)  
  19  1:19  Pylon  
  19  1:22  Probe (Chrono Boost)  
  20  1:32  Cybernetics Core  
  20  1:34  Probe (Chrono Boost)  
  21  1:44  Probe (Chrono Boost)  
  22  1:55  Probe (Chrono Boost)  
  23  2:10  Stalker (Chrono Boost), Mothership Core (Chrono Boost)  
  23  2:12  Warp Gate (Chrono Boost)  
  27  2:27  Nexus  
  27  2:30  Probe (Chrono Boost)  
  28  2:42  Probe  
  28  2:44  Stalker  
  28  2:50  Pylon  
  30  2:54  Probe  
  31  3:11  Probe  
  32  3:20  Robotics Facility  
  32  3:23  Probe  
  32  3:25  Pylon  
  33  3:28  Pylon  
  33  3:35  Probe  
  33  3:38  Probe  
  35  3:42  Pylon  
  35  3:53  Probe  
  35  3:54  Pylon  
  35  3:55  Probe  
  36  3:57  Pylon  
  37  4:04  Gateway  
  37  4:05  Probe  
  37  4:07  Probe  
  37  4:08  Observer (Chrono Boost)  
  40  4:17  Probe  
  40  4:18  Probe  
  42  4:27  Immortal (Chrono Boost)  
  42  4:29  Pylon, Probe  
  42  4:30  Pylon  
  42  4:31  Probe  
  46  4:41  Probe x2  
  48  4:47  Assimilator x2  
  48  4:53  Probe  
  48  4:56  Probe  
  50  5:01  Immortal (Chrono Boost)  
  50  5:06  Probe  
  55  5:07  Probe  
  55  5:10  Pylon  
  55  5:12  Robotics Bay  
  56  5:16  Sentry x2  
  56  5:18  Probe  
  56  5:20  Probe  
  56  5:21  Pylon  
  62  5:29  Twilight Council  
  62  5:34  Probe, Warp Prism (Chrono Boost)  
  65  5:45  Pylon  
  65  5:50  Sentry x2  
  69  5:58  Pylon  
  69  5:59  Gravitic Drive (Chrono Boost)  
  69  6:00  Disruptor  
  69  6:05  Pylon  
  72  6:11  Gateway  
  72  6:12  Gateway  
  72  6:16  Gateway  
  72  6:28  Nexus  
  72  6:33  Probe x2  
  72  6:38  Disruptor  
  74  6:45  Probe  
  78  6:50  Probe  
  69  6:57  Probe  
  69  7:00  Forge  
  70  7:02  Probe  
  71  7:09  Warp Prism  
  71  7:11  Probe  
  71  7:14  Stalker  
  71  7:15  Stalker  
  78  7:18  Charge (Chrono Boost)  
  78  7:25  Stalker x3  
  78  7:27  Pylon  
  78  7:29  Probe  
  85  7:33  Probe  
  86  7:40  Disruptor  
  85  7:48  Pylon  
  86  7:56  Protoss Ground Weapons Level 1 (Chrono Boost)  
  84  8:03  Zealot x4  
  84  8:05  Pylon  
  92  8:07  Probe  
  92  8:08  Probe  
  92  8:11  Disruptor  
  94  8:14  Probe  
  94  8:16  Zealot  
  94  8:17  Pylon  
  100  8:20  Probe  
  100  8:21  Photon Cannon  
  100  8:26  Zealot  
  100  8:27  Zealot x3  
  109  8:42  Disruptor  
  112  8:49  Zealot x3  
  112  8:50  Zealot x2  
  112  8:54  Templar Archives  
  116  9:14  Zealot  
  116  9:15  Zealot x4, Colossus  
  126  9:28  Robotics Facility  
  126  9:33  Pylon  
  126  9:34  Pylon  
  124  9:46  Stalker x4  
  121  10:09  Gateway  
  121  10:12  Zealot x3  
  121  10:33  Stalker x3  
  121  10:34  Stalker  
  121  10:36  Pylon  
  121  10:37  Pylon  
  121  10:39  Pylon  
  120  10:43  Pylon  
  120  10:44  Pylon  
  120  10:45  Pylon x2  
  120  10:46  Photon Cannon  
  120  10:54  Observer (Chrono Boost)  
  119  11:03  Stalker x3  
  123  11:04  Zealot  
  114  11:19  Probe  
  113  11:30  Zealot x4  
  119  11:33  Probe